Mourne, chaotic male orcish Priest --- G ...-- .....| ...@.- ..ZZ..| ...... .... Mourne the Adept Experience level: 7 Strength: 12 Dexterity: 13 Constitution: 18 Intelligence: 11 Wisdom: 16 Charisma: 12 Health: 0(66) Energy: 77(91) Def: 3 Gold: 439 Moves: 4444 Dungeon seed: Pp8d9EqwfPnYJTaT Game ID: Mourne_1520689342 Your Inventory: Coins $ - 439 gold pieces Weapons a - a blessed +1 mace (weapon in hand) u - an uncursed +0 scimitar Armor e - an uncursed rotted +0 robe (being worn) n - a blessed +0 orcish shield r - an uncursed +0 mummy wrapping y - an uncursed +0 pair of high boots (being worn) Comestibles c - 2 uncursed cloves of garlic d - an uncursed sprig of wolfsbane i - an uncursed tripe ration j - 3 uncursed food rations Q - an uncursed lembas wafer S - an uncursed tin of male fox meat Scrolls o - an uncursed scroll of enchant weapon T - an uncursed scroll of remove curse U - a blessed scroll of confuse monster Spellbooks l - an uncursed spellbook of restore ability m - an uncursed spellbook of magic missile Potions b - a potion of holy water t - 2 uncursed potions of water Rings p - an uncursed +0 ring of gain constitution (on right hand) q - a blessed +2 ring of increase damage (on left hand) Wands x - an uncursed wand of teleportation (0:7) P - an uncursed wand of create monster (0:4) Tools h - an uncursed oil lamp (lit) (0:757) k - an uncursed skeleton key V - an uncursed towel Spells and supernatural/magical abilities: Name Level Category Fail Memory h - healing 1 healing 0% 94% m - magic missile 2 attack 30% 99% s - slow monster 2 enchantment 30% 100% u - confuse monster 2 enchantment 30% 96% I - identify 2 divination 30% 94% W - pray for help -- divine ? -- X - turn undead -- divine ? -- Your skills at the end: Fighting Skills wands [Basic] Weapon Skills mace [Skilled] Spellcasting Skills clerical spells [Basic] Final Attributes: You were immune to poison. You saw invisible. You had infravision. You had a +2 damage bonus. You are dead. Vanquished creatures: a giant mimic a dwarf king 2 giant spiders a gnome king a brown pudding a yeti a dog 2 plains centaurs a gnome mummy a rock mole a yellow light 8 gnome lords 3 gnomish wizards a golden naga hatchling 2 giant ants a floating eye a kitten 7 dwarves 3 kobold lords a rothe a centipede a giant bat 3 iguanas 7 killer bees a gas spore 3 hobbits a large kobold a yellow mold a red mold 25 gnomes 5 geckos 5 jackals a fox 3 kobolds 13 grid bugs 2 bats 4 lichens 3 newts 120 creatures vanquished. Voluntary challenges: You had been an atheist until turn 3797. You used a wielded weapon 132 times, starting on turn 23. You read items or engraved 17 times, starting on turn 332. You never genocided any monsters. You never polymorphed an object. You never changed form. You used no wishes. You never split a pudding. You never wrote Elbereth's name. You never violated your personal moral code. Dungeon overview: The Dungeons of Doom: levels 1 to 8 Level 1 a long staircase Level 2 a fountain, a sink, a vault stairs to The Gnomish Mines Level 3 a fountain, a sink Level 4 a general store, some fountains Level 5 some fountains Level 6 a potion shop, a fountain Level 7 a fountain Level 8 The Gnomish Mines: levels 3 to 8 Level 3 stairs to The Dungeons of Doom Level 4 Level 5 some shops, a temple to Thoth, some fountains Level 6 Level 7 Level 8 <- You were here History has recorded: On T:1 you entered the Dungeons of Doom to retrieve the Amulet of Yendor! On T:344 you reached level 2 of The Dungeons of Doom. On T:716 you advanced to experience level 2. On T:791 you reached level 3 of The Dungeons of Doom. On T:1108 you reached level 4 of The Dungeons of Doom. On T:1181 you advanced to experience level 3. On T:1284 you advanced to experience level 4. On T:1414 you reached level 5 of The Dungeons of Doom. On T:1544 you advanced to experience level 5. On T:1668 you reached level 6 of The Dungeons of Doom. On T:2194 you reached level 7 of The Dungeons of Doom. On T:2481 you reached level 8 of The Dungeons of Doom. On T:2640 you reached level 1 of The Gnomish Mines. On T:2748 you advanced to experience level 6. On T:2979 you reached level 2 of The Gnomish Mines. On T:3367 you advanced to experience level 7. On T:3491 you reached level 3 of The Gnomish Mines. On T:4036 you reached level 4 of The Gnomish Mines. On T:4328 you reached level 5 of The Gnomish Mines. On T:4443 you reached level 6 of The Gnomish Mines. Score breakdown: Gold: 439 ( 8992 points) Experience: 7 levels (13645 points) Exploration: 8 levels ( 15.69%) (11224 points) Discoveries: 35 items ( 12.11%) (10440 points) Valuables value: (no points given unless you survive) Artifact value: 0 ( 0 points) Variety of kills: 38 monsters ( 10.00%) ( 9486 points) Turncount: 4444 turns (-1180 points) Survival: died (score multiplied by 80%) Total score: 42085 Latest messages: Cool Beans hits! Your zombification disease builds up. Cool Beans hits! Your zombification disease builds up. The magic missile hits the giant zombie! The giant zombie hits! Your zombification disease builds up. Cool Beans hits! Your zombification disease builds up. The giant zombie hits! Your zombification disease builds up. You feel better. Cool Beans hits! Your zombification disease builds up critically! The giant zombie hits! Your zombification disease builds up critically! You die... Your body rises from the dead as an orc zombie... Final status: Goodbye Mourne the Priest, killed by a giant zombie... You died in The Gnomish Mines on dungeon level 8 with 42085 points, and 439 pieces of gold, after 4444 moves. You were level 7 with a maximum of 66 hit points when you died.